Map: Persephone LE

Players

Solar - Winner!

  • Race: Zerg Zerg
  • Spawn Location: 11:00

herO

  • Race: Protoss Protoss
  • Spawn Location: 7:00

Event: Esports World Cup 2025

VOD

Have the link to the VOD?

Description

Time

  • Played on: July 24, 2025, 10:57 a.m.
  • Length: 9:55

All games in this series

Show
View Real Time Build Order
Export as new Build Order

Solar Zerg - Winner!

Build Orders: Hatch First 

Get SALT Encoding   

  12  0:00  Drone  
  13  0:07  Drone  
  14  0:14  Extractor  
  14  0:15  Drone  
  15  0:21  Overlord  
  15  0:42  Drone  
  16  0:45  Hatchery  
  16  0:49  Drone  
  16  0:52  Drone  
  16  0:56  Drone  
  18  1:06  Extractor  
  17  1:11  Spawning Pool  
  17  1:15  Drone  
  17  1:18  Drone  
  18  1:27  Drone  
  19  1:37  Drone  
  20  1:48  Drone  
  21  1:58  Queen x2  
  21  1:59  Zergling x4  
  27  2:07  Overlord  
  27  2:12  Drone  
  28  2:15  Metabolic Boost  
  28  2:27  Drone x2  
  30  2:34  Zergling x4  
  32  2:39  Hatchery  
  31  2:45  Queen  
  31  2:48  Overlord  
  34  2:51  Zergling x2  
  34  2:59  Drone  
  34  3:00  Zergling x2  
  36  3:08  Drone x4  
  36  3:11  Zergling x2, Evolution Chamber  
  40  3:19  Drone x3  
  42  3:29  Overlord  
  42  3:31  Zergling x2  
  42  3:33  Zergling x2  
  44  3:41  Zergling x2  
  43  3:44  Zergling x2  
  41  3:49  Zergling x4  
  41  3:51  Queen  
  41  3:53  Spore Crawler  
  45  3:55  Zergling x4  
  45  3:58  Zergling x2  
  45  3:59  Zergling x2  
  45  4:01  Zergling x2  
  45  4:03  Zergling x2  
  45  4:07  Zergling x4  
  48  4:10  Zergling x2  
  48  4:12  Zergling x2  
  49  4:17  Zergling x4  
  49  4:21  Zergling x6  
  53  4:24  Zergling x2  
  53  4:28  Zergling x4  
  53  4:31  Zergling x2  
  55  4:34  Zergling x4  
  55  4:40  Queen  
  55  4:42  Zergling x2  
  55  4:46  Zergling x4  
  57  4:56  Overlord  
  57  4:59  Queen  
  57  5:01  Overlord  
  57  5:07  Lair  
  57  5:11  Drone  
  57  5:13  Overlord  
  57  5:15  Overlord  
  57  5:16  Drone  
  57  5:19  Drone  
  58  5:23  Extractor  
  58  5:27  Zergling x8  
  59  5:30  Spore Crawler  
  59  5:31  Zergling x2  
  59  5:33  Zergling x2  
  60  5:38  Zergling x2  
  60  5:39  Zergling x4  
  60  5:44  Queen  
  60  5:49  Drone x2  
  64  5:56  Queen  
  62  5:59  Extractor  
  63  6:07  Queen  
  54  6:20  Queen  
  54  6:34  Hydralisk Den  
  54  6:35  Queen  
  54  6:39  Drone  
  57  6:40  Drone  
  55  6:48  Drone x2  
  55  6:50  Roach Warren  
  57  6:58  Drone  
  58  7:05  Spire  
  57  7:13  Overlord  
  57  7:16  Queen  
  57  7:23  Queen  
  59  7:37  Roach  
  59  7:38  Glial Reconstitution, Roach x2  
  59  7:40  Spore Crawler  
  59  7:43  Roach  
  64  7:52  Roach x2  
  64  7:55  Roach  
  64  7:57  Roach  
  62  8:03  Zergling x2  
  62  8:04  Zergling x4  
  58  8:07  Roach  
  58  8:12  Roach  
  60  8:16  Roach  
  49  8:30  Roach x2  
  49  8:41  Mutalisk  
  49  8:44  Mutalisk  
  49  8:48  Drone  
  54  8:54  Mutalisk  
  56  9:02  Roach  
  58  9:05  Zergling x2  
  59  9:14  Roach  
  59  9:15  Drone  
  61  9:18  Drone  
  61  9:19  Drone  
  61  9:22  Drone  
  64  9:27  Drone  
  65  9:34  Roach  
Show
View Real Time Build Order
Export as new Build Order

herO Protoss 

Build Orders: Oracle Opening 

Get SALT Encoding   

  12  0:00  Probe  
  13  0:12  Probe  
  14  0:16  Pylon  
  14  0:23  Probe  
  15  0:31  Probe  
  16  0:37  Gateway  
  16  0:39  Probe  
  16  0:46  Assimilator  
  17  0:50  Probe  
  17  0:53  Assimilator  
  18  0:59  Probe  
  19  1:06  Gateway  
  19  1:07  Probe  
  20  1:17  Probe  
  20  1:24  Cybernetics Core  
  21  1:29  Probe  
  22  1:35  Pylon  
  22  1:41  Probe  
  23  2:00  Adept x2  
  27  2:02  Stargate  
  27  2:12  Pylon  
  27  2:35  Nexus  
  27  2:36  Oracle  
  30  3:04  Fleet Beacon  
  30  3:11  Probe  
  31  3:23  Probe  
  32  3:29  Shield Battery  
  32  3:35  Probe  
  35  3:47  Probe  
  34  3:49  Tempest  
  34  3:55  Probe  
  36  3:59  Assimilator  
  36  4:00  Probe  
  36  4:04  Shield Battery  
  36  4:06  Warp Gate  
  36  4:08  Probe  
  35  4:31  Shield Battery x2, Tempest  
  31  4:44  Probe  
  31  4:49  Probe  
  32  4:57  Probe  
  32  5:08  Pylon  
  32  5:09  Pylon  
  32  5:12  Twilight Council  
  32  5:22  Pylon  
  32  5:27  Probe  
  33  5:35  Gateway  
  33  5:36  Gateway  
  33  5:38  Resonating Glaives  
  33  5:44  Probe  
  34  5:55  Adept x2  
  38  6:00  Pylon  
  38  6:15  Adept x2  
  38  6:34  Adept  
  38  6:35  Adept x2  
  38  6:39  Adept  
  46  7:01  Adept x3  
  46  7:07  Adept  
  54  7:11  Pylon  
  54  7:31  Adept x3  
  60  7:42  Gateway  
  60  7:50  Gateway  
  56  8:04  Adept x2  
  54  8:05  Adept  
  39  8:32  Adept x3  
  39  8:37  Adept  
  41  8:45  Adept  
  43  8:57  Adept x2  
  43  9:30  Stalker x3  
Tags
 
Add a new tag
Caveats
  • Supply blocks, unpowered buildings, or Contaminate may cause inaccurate times.
  • Supply counts are checked every 10 seconds.